 Dungeon Crawl Stone Soup version 0.28.0 (webtiles) character file.

Game seed: 3201217202142669889

191 Nonny the Twirler (level 5, -1/27 HPs)
             Began as a Vine Stalker Gladiator on Feb 6, 2022.
             Slain by an orc wizard (2 damage)
             ... on level 4 of the Dungeon.
             The game lasted 00:19:53 (2402 turns).

Nonny the Twirler (Vine Stalker Gladiator)          Turns: 2402, Time: 00:19:54

Health: -1/27      AC: 15    Str: 19    XL:     5   Next: 70%
Magic:  0/6        EV: 10    Int:  8    God:
Gold:   17         SH:  0    Dex: 15    Spells: 4/4 levels left

rFire   . . .      SeeInvis .   a - +0 quarterstaff (protect)
rCold   . . .      Faith    .   (shield currently unavailable)
rNeg    . . .      Spirit   +   b - +0 scale mail
rPois   .          Reflect  .   c - +0 helmet
rElec   .          Harm     .   (no cloak)
rCorr   .          Rampage  .   n - +0 pair of gloves
Will    .....                   (no boots)
Stlth   +.........              (no amulet)
HPRegen 0.89/turn               (no ring)
MPRegen 0.10/turn               (no ring)

@: under a protective aura
A: fangs 2, regeneration 1, magic shield, antimagic bite, no potion heal 2
a: no special abilities


You were on level 4 of the Dungeon.
You visited 1 branch of the dungeon, and saw 4 of its levels.

You collected 99 gold pieces.
You spent 82 gold pieces at shops.

Inventory:

Hand Weapons
 a - a +0 quarterstaff of protection (weapon)
Missiles
 d - 3 throwing nets (quivered)
Armour
 b - a +0 scale mail (worn)
 c - a +0 helmet (worn)
 n - a +0 pair of gloves (worn)
Scrolls
 h - a scroll of noise
Potions
 f - a potion of attraction
 g - 2 potions of flight {unknown}
 i - a potion of haste {unknown}
 j - a potion of heal wounds {unknown}
 k - a potion of might {unknown}
 l - a potion of mutation {unknown}
 m - 2 potions of curing


   Skills:
 + Level 2.6 Fighting
 + Level 4.3 Staves
 - Level 1.7 Throwing
 - Level 3.0 Dodging
 - Level 3.0 Stealth


You had 4 spell levels left.
You didn't know any spells.
Your spell library contained the following spells:

 Spells                   Type           Power      Damage    Failure   Level
 Ignite Poison            Fire/Tmut/Pois 0%         N/A       99%         3
 Mephitic Cloud           Conj/Pois/Air  0%         N/A       99%         3
 Freezing Cloud           Conj/Ice/Air   0%         6-21      100%        5


Dungeon Overview and Level Annotations

Branches:
Dungeon (4/15)
 Temple: D:4-7

Altars:

Shops:
D:3 ?*?


Innate Abilities, Weirdness & Mutations

You have extremely sharp teeth.
Your natural rate of healing is unusually fast.
When hurt, damage is shared between your health and your magic reserves.
Your bite disrupts and absorbs the magic of your enemies.
Potions cannot restore your health.


Message History

The orc priest begins to cast a cantrip, but forgets the words!
You barely miss the orc.
The orc is moderately wounded.
The jackal barks!
The orc hits you but does no damage. The gnoll hits you but does no damage.
A dart slug comes into view.
You closely miss the orc.
The orc is moderately wounded.
The orc hits you but does no damage. The gnoll hits you but does no damage.
The orc wizard gestures wildly while chanting.
The orc wizard flickers and vanishes!
Deactivating autopickup; reactivate with Ctrl-A.
You hit the orc.
You kill the orc!
You feel less wooden.
Your +0 helmet unmelds from your body.
Your +0 pair of gloves unmelds from your body.
Your +0 scale mail unmelds from your body.
The gnoll hits you from afar with a +0 spear.
* * * LOW HITPOINT WARNING * * *
A magic dart appears from out of thin air!
The magic dart hits you but does no damage.
Really read the scroll of noise?
As you read the scroll of noise, it crumbles to dust.
You hear a loud clanging noise!
You hear a bark! x2; You hear a shout! x6
The gnoll completely misses you.
The orc priest looks satisfied for a moment.
Unknown command.
You barely miss something. Your bite misses something. The gnoll misses you.
Something hits you but does no damage.
You hit something. You bite something.
The gnoll hits you from afar with a +0 spear.
* * * LOW HITPOINT WARNING * * *
Something hits you but does no damage.
Unknown command.
You closely miss something.
The gnoll hits you from afar with a +0 spear.
* * * LOW HITPOINT WARNING * * *
Something hits you.
You die...

####.. .# ...#..###.#
#........# .
.##.......#### ..
............. o..
..........# ....
.......<..# .....
.....###h######oo....
>......w{og.@)ooo....
.......#{############
....#.#.# ... # ...
.. .... . .....
....... ......


You could see 2 orc priests, a gnoll, a dart slug, 4 orcs and a jackal.

Vanquished Creatures
  A water moccasin skeleton (D:4)
  Jessica (D:3)
  2 orc wizards (D:4)
  An adder (D:2)
  A worm (D:2)
  3 dart slugs
  2 orcs
  6 ball pythons
  5 bats
  4 endoplasms
  5 goblins
  2 hobgoblins
  2 jackals (D:2)
  4 quokkas
  4 frilled lizards
  5 rats
48 creatures vanquished.

Notes
Turn   | Place    | Note
-------+----------+-------------------------------------------
     0 | D:1      | Nonny the Vine Stalker Gladiator began the quest for the
                  | Orb.
     0 | D:1      | Reached XP level 1. HP: 11/11 MP: 2/2
    54 | D:1      | Starting vault: dark blue tile floor, blue weathered walls,
                  | cross shape, many statues in nooks of the walls.
   215 | D:1      | Reached XP level 2. HP: 15/15 MP: 3/3
   254 | D:1      | Reached skill level 3 in Staves
   371 | D:1      | Reached skill level 1 in Stealth
   444 | D:1      | Trismegistus Codex
   621 | D:1      | Reached XP level 3. HP: 13/18 MP: 4/4
   645 | D:1      | GIDACE VENOZXI - immolation
   646 | D:1      | blue potion - attraction
   646 | D:1      | QEYVAH ZINT - identify
   647 | D:1      | black potion - degeneration
   648 | D:1      | IPRITH NIAFYMP - vulnerability
   650 | D:1      | FETTOI AMEIRAU - blinking
   651 | D:2      | Found a faded altar of an unknown god.
   831 | D:2      | South of the faded altar, there is a long hallway that
                  | leads to nowhere. It only has a lone bat in it.
   971 | D:1      | D:2 uphatch seems pretty viable for the orb run.
  1397 | D:2      | Gained mutation: Your natural rate of healing is unusually
                  | fast. [Vine Stalker growth]
  1397 | D:2      | Reached XP level 4. HP: 15/23 MP: 3/5
  1549 | D:3      | HORYATUSTA - brand weapon
  1556 | D:3      | fizzy golden potion - lignification
  1660 | D:3      | Nothing in the flooded hallways. Useless!
  1660 | D:3      | Maybe a good area for merfolk to escape, I guess.
  1874 | D:3      | Found Leopesen's Assorted Antiques.
  1884 | D:3      | Bought a scroll labelled SINENA BAUTH for 27 gold pieces
  1884 | D:3      | Bought a scroll labelled VYNLUELERU for 27 gold pieces
  1885 | D:3      | SINENA BAUTH - fog
  1886 | D:3      | VYNLUELERU - teleporation
  1888 | D:3      | Of course I had to land in the waterlogged hallway.
  2157 | D:3      | Found Kiunweff's Magic Scroll Boutique.
  2165 | D:3      | Bought a scroll of identify for 28 gold pieces
  2166 | D:3      | coppery potion - curing
  2197 | D:3      | Noticed Jessica
  2201 | D:3      | Found Botaps's Magic Scroll Emporium.
  2207 | D:3      | Killed Jessica
  2248 | D:2      | D:3 uphatch could be viable for orb run.
  2248 | D:2      | Then again, it's not close to the good uphatch of D:2.
  2297 | D:3      | D:2 uphatch leads to northeast downstairs of D:3
  2358 | D:4      | NEXIRA JICIGE - noise
  2370 | D:4      | Reached skill level 4 in Staves
  2370 | D:4      | Reached XP level 5. HP: 24/27 MP: 6/6
  2402 | D:4      | HP: 1/27 [gnoll (3)]
  2402 | D:4      | Slain by an orc wizard

Illustrated notes ###+### #8...8# .# ##.#.## .# #8.#.8# .# # ##.#.## .# .. ####8...8########.###... #8#8#...#8#8#8#8#..... ................#..# ###...<...#####.@..# ................#.## #8#8#...#8#8#8#8#.# ####8...8########.# ##.#.## .# #8.#.8# .# ##.#.## .. #8...8# .. ###+### Turn 54 on D:1: Starting vault: dark blue tile floor, blue weathered walls, cross shape, many statues in nooks of the walls.

##...#.#####.#...# ..
..........##.#...### #.#
.....)>............ ....
.....†.....#. ...###.#.# ##+###
...........####......... #.....
..........##............ #.....
..........##†...?....... #.....
..........##............ #.....
..........##....@....w..####.....
..........''............+........
..........##............ ##.....
####..................?. #......
#...........######### #......
#)..........# #......
##...........# ###......
#.....#......# #........
#.....#....### #.#######


Turn 444 on D:1: Trismegistus Codex ########..#.#.#####.#....# ..........#.#.#
#.#..##### ..##'###....#.# #.#......# #.#.........#.# #.#....#.# #.#.....##..#.#
#.####.#.# ..#.....+.....# #...##.#.# ###.....#.#.#########.##.#.#
###.....#.............##.#.# ................@#######.#.#
###..............##...##.#.# #...............##.#.##.#.#
#..................#.#..#.# #...............####.##.#.#
##..................#.##.#.# ............#+##.........#.#
.##########.#.##.#.##.####.# .# #....#..)........# Turn 645 on D:1: GIDACE
VENOZXI - immolation ########..#.#.#####.#....# ..........#.#.# #.#..#####
..##'###....#.# #.#......# #.#.........#.# #.#....#.# #.#.....##..#.# #.####.#.#
..#.....+.....# #...##.#.# ###.....#.#.#########.##.#.#
###.....#.............##.#.# ................@#######.#.#
###..............##...##.#.# #...............##.#.##.#.#
#..................#.#..#.# #...............####.##.#.#
##..................#.##.#.# ............#+##.........#.#
.##########.#.##.#.##.####.# .# #....#..)........# Turn 646 on D:1: blue potion
- attraction ########..#.#.#####.#....# ..........#.#.# #.#..#####
..##'###....#.# #.#......# #.#.........#.# #.#....#.# #.#.....##..#.# #.####.#.#
..#.....+.....# #...##.#.# ###.....#.#.#########.##.#.#
###.....#.............##.#.# ................@#######.#.#
###..............##...##.#.# #...............##.#.##.#.#
#..................#.#..#.# #...............####.##.#.#
##..................#.##.#.# ............#+##.........#.#
.##########.#.##.#.##.####.# .# #....#..)........# Turn 647 on D:1: black potion
- degeneration ########..#.#.#####.#....# ..........#.#.# #.#..#####
..##'###....#.# #.#......# #.#.........#.# #.#....#.# #.#.....##..#.# #.####.#.#
..#.....+.....# #...##.#.# ###.....#.#.#########.##.#.#
###.....#.............##.#.# ................@#######.#.#
###..............##...##.#.# #...............##.#.##.#.#
#..................#.#..#.# #...............####.##.#.#
##..................#.##.#.# ............#+##.........#.#
.##########.#.##.#.##.####.# .# #....#..)........# Turn 648 on D:1: IPRITH
NIAFYMP - vulnerability ########..#.#.#####.#....# ..........#.#.# #.#..#####
..##'###....#.# #.#......# #.#.........#.# #.#....#.# #.#.....##..#.# #.####.#.#
..#.....+.....# #...##.#.# ###.....#.#.#########.##.#.#
###.....#.............##.#.# ................@#######.#.#
###..............##...##.#.# #...............##.#.##.#.#
#..................#.#..#.# #...............####.##.#.#
##..................#.##.#.# ............#+##.........#.#
.##########.#.##.#.##.####.# .# #....#..)........# Turn 650 on D:1: FETTOI
AMEIRAU - blinking ############# ######.#.........## #....†..#.......# #.......#
Turn 1556 on D:3: fizzy golden potion - lignification .<.### #≈####≈# .....#
##≈# #..# .....# #≈≈###.## .....# ##≈≈##..# .....# ##≈≈###.## .....# #≈≈≈# #.#
...### #.≈####.# ##...############.≈###..# +...'..........@.##...##
#...####.........###.## ##...####........## #.# ........#........####.#
...........<.....'....# .................###### ....<............#
..........######## ..........# Turn 1660 on D:3: Nothing in the flooded
hallways. Useless! # #.............. #.............. #........(.....
##.............. #......§........ #.....§§8§...... ##+#.....§§§§§.....
##.........§@§§..... .... #.....)....§§§§..... ...... #...........§§§.....
[......# #....#.......####### #....... #....#####..8.. #....##. #.......##......
##....... #.......##..........#........ ###.....##..........+........ #.....#
.......##....... Turn 1885 on D:3: SINENA BAUTH - fog # #..............
#.............. #........(..... ##.............. #......§........
#.....§§8§...... ##+#.....§§§§§..... ##........§§@§§..... ....
#.....)....§§§§..... ...... #...........§§§..... [......# #....#.......#######
#....... #....#####..8.. #....##. #.......##...... ##.......
#.......##..........#........ ###.....##..........+........ #.....#
.......##....... Turn 1886 on D:3: VYNLUELERU - teleporation ### #≈# ### ###≈#
#≈###≈≈≈# ##@#≈#≈≈## . #≈≈≈≈#≈#≈# ≈# #≈≈≈≈#≈#≈# ≈≈≈ #≈###≈≈#≈# ≈≈≈ ##≈# #≈##≈#
≈≈≈ ##≈≈# #≈##≈# ≈≈≈ #≈≈≈# #≈##≈# .. #≈≈≈###≈##≈# #≈#≈≈####≈≈# Turn 1888 on D:3:
Of course I had to land in the waterlogged hallway. #. #. #. #.##+### #......#
#.@...# #.....#. ...?... +.....#............ #.....#............
#.###.....#............ #.(.......##........(... #########.##............
#.#............. #.#.......8..... Turn 2166 on D:3: coppery potion - curing
#.###.#. #.# #.#g #.# #.#. #.# #.#. ###### #.# #.#. ######....# #.# #.#.
#.......#.######.# #.#. #................###.#. #.....@...#####........
#.........#.....#....#. #....................#. #...[..............#<#. ###
#...............#..#.#. ..# #........######.#..#.#. ..# #...........# #.#..#.##
..# #.......###.###.#..#.#. ..# ######.####.#......#.#. Turn 2248 on D:2: D:3
uphatch could be viable for orb run. ..'...# #....#.# ..###.# #....#.# ..#
#.###....#.### ..###.#.'##..'...# ..'...#.####.#.#.# ..###.########.#.# ###
....#.# #≈# #.#.# #≈# ###.#.###≈## #.#.# ### ###≈# #.#..#≈≈≈###.#@# #≈###≈≈≈#
###.#.##≈≈≈≈##.#.## ##≈#≈#≈≈## .......#≈≈≈≈#....># #≈≈≈≈#≈#≈#
....≈≈≈#≈≈≈≈#.....# #≈≈≈≈#≈#≈# ≈≈≈≈≈.≈≈≈≈≈≈#.....# #≈###≈≈#≈#
.≈.≈.≈≈≈≈≈≈≈≈.....###≈# #≈##≈# ≈.≈≈≈≈≈≈≈≈≈......###≈≈# #≈##≈#
≈≈≈≈≈≈≈≈≈≈.......##≈≈≈# #≈##≈# ..≈≈.............##≈≈≈###≈##≈# Turn 2297 on D:3:
D:2 uphatch leads to northeast downstairs of D:3 #.. .# ####.. .# ...#..###.#
#........# .##.......#### ............. ..........# .......@..# .....###.## >..
... . .### .# .. .. .. Turn 2358 on D:4: NEXIRA JICIGE - noise

Levels and vault maps discovered:
D:1:      heliophobic_arrival_ceremonial_halls, layout_basic
D:2:      layout_basic, hellmonk_ecumenical_altar_dog_temple
D:3:      layout_basic, serial_shops, shop_statue, shop_scrolls, shop,
          chequers_serial_rivers_large_b, chequers_serial_rivers_large_a,
          corexii_item_surrounded_by_moat, uniq_jessica
D:4:      layout_rooms, nrook_mini_vaults, bh_walls_and_bars

Skill      XL: |  1  2  3  4  5 |
---------------+----------------+-----
Staves         | 3 4 |  4.3
Fighting       | 2 |  2.6
Stealth        | 1 2 3 |  3.0
Dodging        | 3 |  3.0
Throwing       | |  1.7

Action                   |  1- 3 |  4- 6 || total
-------------------------+-------+-------++-------
Melee: Quarterstaff      |    75 |    58 ||   133
       Bite              |    13 |    10 ||    23
  Use: Scroll            |     5 |     7 ||    12
       Potion            |       |     1 ||     1
 Stab: Sleeping          |     4 |       ||     4
Armor: Leather armour    |    10 |       ||    10
       Ring mail         |     8 |       ||     8
       Scale mail        |     2 |    17 ||    19
       Skin              |       |    41 ||    41
Dodge: Dodged            |    37 |    14 ||    51
